 Dungeon Crawl Stone Soup version 0.30-a0-12-gd8047c6341 (webtiles) character file.

Game seed: 13435289674678062696

2024 Zeldest the Chopper (level 9, -1/71 HPs)
             Began as a Mummy Monk on Aug 23, 2022.
             Was a Priest of Ru.
             Slain by an orc priest
             ... wielding a +0 whip of electrocution
              (14 damage)
             ... on level 7 of the Dungeon.
             The game lasted 00:14:41 (6854 turns).

Zeldest the Chopper (Mummy Monk)                    Turns: 6854, Time: 00:14:42

Health: -1/71      AC:  8    Str: 18    XL:     9   Next: 3%
Magic:  12/12      EV:  5    Int:  9    God:    Ru [***...]
Gold:   430        SH:  0    Dex: 15    Spells: 8/8 levels left

rFire   . . .      SeeInvis .    a - +1 hand axe
rCold   + . .      Faith    .    (no shield)
rNeg    + + +      Spirit   .    s - +0 scale mail {rF+}
rPois   ∞          Reflect  .    c - +0 helmet
rElec   .          Harm     .    l - +0 cloak
rCorr   .          Rampage  .    (no gloves)
Will    +....                    (no boots)
Stlth   +.........               e - amulet of regeneration
HPRegen 1.01/turn                (no ring)
MPRegen 0.13/turn                (no ring)

@: no status effects
A: cold resistance 1, negative energy resistance 3, torment resistance 2, heat
vulnerability 1, hated by all, reduced EV 1, in touch with death 1, no potions
a: Renounce Religion, Draw Out Power


You were on level 7 of the Dungeon.
You worshipped Ru.
Ru was most pleased with you.
You visited 2 branches of the dungeon, and saw 9 of its levels.

You collected 430 gold pieces.

Inventory:

Hand Weapons
 a - a +1 hand axe (weapon)
 d - a +3 dagger
 o - a +4 flail
Armour
 c - a +0 helmet (worn)
 l - a +0 cloak (worn)
 s - a +0 scale mail of fire resistance (worn)
Jewellery
 b - a ring of magical power
 e - an amulet of regeneration (around neck)
 f - a ring of ice
 h - a ring of wizardry
Wands
 q - a wand of flame (12)
Scrolls
 g - a scroll of enchant weapon
 i - a scroll of blinking
 j - 4 scrolls of identify
 k - 2 scrolls of butterflies
 m - 3 scrolls of teleportation
 n - 2 scrolls of fear
 p - a scroll of torment
 r - 2 scrolls of poison


   Skills:
 + Level 6.6 Fighting
 * Level 7.4 Axes
 - Level 2.4 Dodging
 - Level 1.5 Stealth
 + Level 5.2 Invocations


You had 8 spell levels left.
You didn't know any spells.
Your spell library contained the following spells:

 Spells                   Type           Power      Damage    Failure   Level
 Necrotise                Necr           0%         1d4       80%         1
 Scorch                   Fire           0%         2d5       91%         2
 Portal Projectile        Hex/Tloc       0%         N/A       99%         3
 Vampiric Draining        Necr           0%         2d6       99%         3
 Flame Wave               Conj/Fire      0%         2d4       100%        4
 Petrify                  Tmut/Erth      0%         N/A       100%        4
 Agony                    Necr           0%         N/A       100%        5
 Alistair's Intoxication  Tmut/Pois      0%         N/A       100%        5
 Borgnjor's Vile Clutch   Necr/Erth      0%         N/A       100%        5
 Irradiate                Conj/Tmut      0%         3d11      100%        5
 Eringya's Noxious Bog    Tmut/Pois      0%         N/A       100%        6
 Sublimation of Blood     Necr           Unusable   N/A       N/A         2
 Tukima's Dance           Hex            Unusable   N/A       N/A         3
 Blade Hands              Tmut           Unusable   N/A       N/A         5
 Summon Cactus Giant      Summ           Unusable   N/A       N/A         6

Dungeon Overview and Level Annotations

Branches:
Dungeon (8/15)             Temple (1/1) D:4
   Lair: D:8-11

Altars:
Ashenzari
Cheibriados
Gozag
Makhleb
Okawaru
Qazlal
Ru
Sif Muna
Trog
Uskayaw
Vehumet
Xom

Shops:
D:1 *   D:2 [   D:4 *

Annotations:
D:5 Duvessa
D:6 5 runed translucent doors


Innate Abilities, Weirdness & Mutations

You are immune to poison.
Your flesh is cold resistant. (rC+)
You are immune to negative energy. (rN+++)
You are immune to unholy pain and torment.
You are vulnerable to heat. (rF-)
You are hated by all.
You have somewhat slow reflexes. (EV -5)
You are in touch with the powers of death.
You do not drink.


Message History

The orc priest hits you but does no damage.
You slash the orc priest!
You kill the orc priest!
Things that are here:
a +0 falchion; a +0 ring mail; an orc corpse
There is a stone staircase leading down here.
You start resting.
HP restored.
You climb downwards.
The wight hits you but does no damage.
The wight hits you with a +5 falchion of freezing!
The wight freezes you.
You focus your inner power and blind the wight in retribution!
The wight hits you with a +0 hand axe. The wight hits you but does no damage.
The orc priest calls down the wrath of Beogh upon you.
Beogh smites you! The orc priest barely misses you.
There is a stone staircase leading up here.
The wight hits you with a +0 hand axe.
The orc priest hits you but does no damage.
You are electrocuted!
You focus your inner power and blind the orc priest in retribution!
You climb upwards.
There is a stone staircase leading down here.
Okay, then.
You catch the helpless wight completely off-guard!
You hit the wight but do no damage. You hit the orc priest.
You hit the wight but do no damage.
The wight hits you with a +5 falchion of freezing.
The wight freezes you. The wight hits you with a +0 hand axe.
The orc priest hits you but does no damage.
You hit the wight.
The wight is lightly damaged.
You hit the orc priest but do no damage.
You hit the wight. The wight hits you with a +0 hand axe.
The wight hits you with a +5 falchion of freezing!
* * * LOW HITPOINT WARNING * * *
The wight freezes you.
* * * LOW HITPOINT WARNING * * *
The orc priest hits you but does no damage.
You are electrocuted!
You die...

#~~~~~####
###########~~~#
#####~~~### #~~##
###~~~~~~~~~#####~~~~
###~~~~#####~~~~~~~~~##
###~~~~###...###~~~#####.
#....~###....#~~~~##.# #.
#.####.z[o...#######.# #.
#.......@(#.......##.# #.
#.####.##z....<...##.# #.
#.####.##.#.......##.###.
#.##...##.####.#####...).
#.##.####.# #.# #####.
#.##.# #.# #.# #.....
#.##.# #.# #.# #.####
#.##.# #.# #.# #.#
#.##.####.# #.### #.#


You could see 2 wights and an orc priest (blind).

Vanquished Creatures
  A hornet (D:7)
  An acid dragon (D:8)
  2 orc warriors
  An ice beast (D:7)
  A black bear (D:6)
  2 centaurs
  A bullfrog (D:7)
  2 scorpions (D:5)
  A necrophage (D:5)
  2 wights (D:7)
  Dowan (D:5)
  A killer bee (D:7)
  2 howler monkeys
  A jelly (D:7)
  4 orc priests
  5 hounds
  Crazy Yiuf (D:6)
  Ijyb (D:3)
  4 iguanas
  4 orc wizards
  3 adders
  4 white imps
  A worm (D:4)
  2 dart slugs (D:1)
  14 orcs
  A ball python (D:2)
  3 endoplasms
  2 giant cockroaches
  12 goblins
  4 hobgoblins
  2 quokkas (D:1)
  2 bats
  A frilled lizard (D:3)
  6 kobolds
  5 rats
100 creatures vanquished.

Vanquished Creatures (others)
  A jelly (D:4)
  A goblin (D:3)
  A hobgoblin (D:6)
3 creatures vanquished.

Grand Total: 103 creatures vanquished

Notes
Turn   | Place    | Note
-------+----------+-------------------------------------------
     0 | D:1      | Zeldest the Mummy Monk began the quest for the Orb.
     0 | D:1      | Reached XP level 1. HP: 18/18 MP: 1/1
    85 | D:1      | Found Qario's Assorted Antiques.
   410 | D:1      | Reached XP level 2. HP: 19/24 MP: 2/2
   957 | D:2      | Reached skill level 3 in Axes
   957 | D:2      | Reached skill level 1 in Invocations
  1026 | D:2      | Identified the +7 ring mail of Broken Taboos {Harm rC+ rN+}
  1041 | D:2      | Gained mutation: You are in touch with the powers of death.
                  | [Mummy growth]
  1041 | D:2      | Reached XP level 3. HP: 29/29 MP: 3/3
  1181 | D:2      | Found Hodoufiv's Antique Armour Boutique.
  1843 | D:4      | Found a staircase to the Ecumenical Temple.
  1856 | Temple   | Entered the Ecumenical Temple
  1856 | Temple   | Found a transporter.
  1856 | Temple   | Found a transporter.
  1858 | Temple   | Found a transporter.
  1858 | Temple   | Found a transporter.
  1896 | Temple   | Became a worshipper of Ru the Awakened
  1897 | Temple   | Gained mutation: You have somewhat slow reflexes. (EV -5)
                  | [Ru sacrifice]
  1897 | Temple   | Reached * piety under Ru
  2001 | D:4      | Found Heycuc's Overcharged Wands.
  2010 | D:5      | Entered Level 5 of the Dungeon
  2024 | D:4      | Noticed Duvessa
  2024 | D:4      | Noticed Dowan
  2076 | D:6      | Noticed an orc warrior
  2103 | D:6      | Noticed a black bear
  2159 | D:6      | Reached XP level 4. HP: 32/36 MP: 5/5
  2186 | D:6      | Killed a black bear
  2187 | D:6      | Reached XP level 5. HP: 42/42 MP: 6/6
  2202 | D:6      | Killed an orc warrior
  2203 | D:6      | Reached skill level 4 in Axes
  2203 | D:6      | Reached XP level 6. HP: 35/48 MP: 7/7
  2383 | D:6      | Found a runed translucent door.
  2389 | D:6      | Found a runed translucent gate.
  2390 | D:6      | Noticed a redback
  2391 | D:6      | Found a runed translucent gate.
  2391 | D:6      | Found a runed translucent gate.
  2393 | D:6      | Found a runed translucent door.
  2393 | D:6      | Noticed a water moccasin
  2394 | D:6      | Noticed a water moccasin
  2394 | D:6      | Noticed a water moccasin
  2548 | D:6      | Found the +9 staff of Olgreb {rPois∞}
  2785 | D:6      | Found a runed translucent door.
  2786 | D:6      | Noticed Crazy Yiuf
  3135 | D:6      | Killed Crazy Yiuf
  3423 | D:4      | Found a basalt altar of Yredelemnul.
  3528 | D:4      | Reached skill level 5 in Axes
  3528 | D:4      | Reached XP level 7. HP: 47/55 MP: 9/9
  3848 | D:3      | Noticed Ijyb
  3873 | D:3      | Killed Ijyb
  4006 | D:3      | Reached skill level 5 in Fighting
  4020 | D:3      | Found a faded altar of an unknown god.
  4182 | D:5      | Gained mutation: You are hated by all. [Ru sacrifice]
  4182 | D:5      | Reached ** piety under Ru
  4182 | D:5      | Reached *** piety under Ru
  4478 | D:5      | Killed Dowan
  4868 | D:5      | Reached skill level 6 in Axes
  4868 | D:5      | Reached XP level 8. HP: 63/63 MP: 9/11
  6040 | D:8      | Noticed a hornet
  6053 | D:7      | Killed a hornet
  6207 | D:8      | Reached skill level 7 in Axes
  6319 | D:8      | Identified the +6 dagger of Vayjol {chaos, +Blink}
  6369 | D:7      | HP: 3/65 [orc wizard/magic dart (4)]
  6580 | D:8      | Reached skill level 5 in Invocations
  6692 | D:7      | HP: 3/65 [wight/+2 scimitar (10)]
  6774 | D:7      | Reached XP level 9. HP: 43/71 MP: 12/12
  6854 | D:7      | Slain by an orc priest

Illustrated notes

Levels and vault maps discovered:
D:1:      dpeg_arrival_tiny_d, layout_loops_ring, serial_shops, shop
D:2:      cheibrodos_helix_gallery, layout_rooms, serial_shops,
          nicolae_shop_overgrown_old_shop
D:3:      kennysheep_the_goblin_king, layout_rooms,
          chequers_ecumenical_altar_simple_redux, kennysheep_nub, uniq_ijyb
D:4:      layout_basic, nicolae_overflow_crystal_walls, temple_fountains,
          nicolae_shop_overcharged_wands, uniq_duvessa
D:5:      layout_basic, minmay_misc_feat_alley
D:6:      layout_cave_pods, nicolae_benzene_ring,
          minmay_guarded_unrand_staff_of_olgreb, uniq_crazy_yiuf_cottage
D:7:      layout_loops_ring, serial_rivers, chequers_serial_rivers_room_a,
          chequers_serial_rivers_small_a, chequers_serial_rivers_micro_a,
          chequers_serial_rivers_marsh, chequers_serial_rivers_large_b
D:8:      layout_rooms, mainiacjoe_overflow_catwalk, uniq_joseph
Temple:   hellmonk_temple_divided_pantheon

Skill      XL: |  1  2  3  4  5  6  7  8 |
---------------+-------------------------+-----
Axes           | 3 4 5 6 7 |  7.4
Invocations    | 1 2 3 4 5 |  5.2
Fighting       | 4 5 6 |  6.6
Dodging        | |  2.4
Stealth        | |  1.5

Action                   |  1- 3 |  4- 6 |  7- 9 || total
-------------------------+-------+-------+-------++-------
Melee: Hand axe          |   124 |    78 |   309 ||   511
       Punch             |       |     2 |     3 ||     5
Invok: Sacrifice Health  |     1 |       |       ||     1
       Sacrifice Love    |       |       |     1 ||     1
       Draw Out Power    |       |       |     1 ||     1
Evoke: Wand              |       |       |    10 ||    10
  Use: Scroll            |     5 |     4 |     2 ||    11
 Stab: Invisible         |       |       |     2 ||     2
       Distracted        |       |       |     2 ||     2
       Sleeping          |       |       |     2 ||     2
Armor: Ring mail         |    69 |    62 |   139 ||   270
       Chain mail        |     4 |       |       ||     4
       Scale mail        |       |       |    45 ||    45
Dodge: Dodged            |    75 |    22 |    85 ||   182

Table legend: (Time is in decaauts)
 A = Elapsed time spent in this place.
 B = Non-inter-level travel time spent in this place.
 C = Inter-level travel time spent in this place.
 D = Time resting spent in this place.
 E = Time spent auto-exploring this place.
 F = Levels seen in this place.
 G = Mean time per level.
                   A        B        C        D        E       F      G
               +--------+--------+--------+--------+--------+-----+--------+
         Total |   6951 |   6332 |    619 |    884 |   3666 |   9 |  772.3 |
       Dungeon |   6891 |   6281 |    610 |    884 |   3665 |   8 |  861.4 |
        Temple |     59 |     50 |      9 |      0 |      1 |   1 |   59.0 |
               +--------+--------+--------+--------+--------+-----+--------+

Top non-repeatable levels by time:
     D:6: 1458 daAuts
     D:7: 1391 daAuts
     D:5: 1074 daAuts
     D:1: 945 daAuts
     D:4: 656 daAuts
     D:3: 591 daAuts
     D:2: 572 daAuts
     D:8: 201 daAuts
  Temple: 59 daAuts
